 Dungeon Crawl Stone Soup version 0.12.2-12-gd1dd697 (webtiles) character file.

324 RunicPegasusPony the Bolt Thrower (level 4, -3/36 HPs)
             Began as a Centaur Hunter on July 23, 2013.
             Slain by Prince Ribbit (11 damage)
             ... on Level 4 of the Dungeon.
             The game lasted 01:00:26 (4007 turns).

RunicPegasusPony the Bolt Thrower (Centaur Hunter)  Turns: 4007, Time: 01:00:26

HP  -3/36        AC  8     Str 15      XL: 4   Next: 81%
MP   2/2         EV  4     Int 10      God:
Gold 200         SH  0     Dex 10      Spells:  0 memorised,  3 levels left

Res.Fire  : . . .   See Invis. : .   a - +0 short sword
Res.Cold  : . . .   Warding    : .   c - +1 splint mail
Life Prot.: . . .   Conserve   : .   (no shield)
Res.Poison: .       Res.Corr.  : .   (no helmet)
Res.Elec. : .       Clarity    : .   (no cloak)
Sust.Abil.: . .     Spirit.Shd : .   (no gloves)
Res.Mut.  : .       Stasis     : .   (no barding)
Res.Rott. : .       Ctrl.Telep.: .   (no amulet)
Saprovore : . . .   Flight     : .   (no ring)
                                     (no ring)

@: about to teleport, very quick, slightly resistant to hostile enchantments,
extremely unstealthy
A: hooves 3, deformed body, herbivore 1, speed 2, fast metabolism 1, tough skin
3
a: no special abilities


You were on level 4 of the Dungeon.
You were not hungry.

You visited 1 branch of the dungeon, and saw 4 of its levels.

You collected 180 gold pieces.

Inventory:

Hand weapons
 a - a +0,+0 short sword (weapon)
 b - a +1,+1 crossbow
 t - a +2,+2 quarterstaff
 w - a +0,+0 quarterstaff
Missiles
 h - 2 darts
 j - an arrow of flame (quivered)
Armour
 c - a +1 splint mail (worn)
 d - a +0 leather armour
 q - a +0 elven leather armour
Magical devices
 u - a wand of cold (7)
Comestibles
 f - 2 bread rations
Jewellery
 i - an uncursed ring of protection from cold {unknown}
 k - an uncursed amulet of faith {unknown}
 p - a +1 ring of intelligence {unknown}
 r - an uncursed ring of ice {unknown}
Potions
 e - a potion of brilliance {unknown}
 g - a potion of curing {unknown}
 l - a potion of cure mutation {unknown}
 n - a potion of restore abilities {unknown}
 o - 2 potions of confusion {unknown}
 s - a potion of berserk rage {unknown}


   Skills:
 + Level 1.9 Fighting
 * Level 5.3 Crossbows
 + Level 1.2 Armour
 + Level 1.9 Dodging
 - Level 0.5 Stealth
 + Level 1.2 Traps


You had 3 spell levels left.
You didn't know any spells.

Dungeon Overview and Level Annotations

Branches:
Dungeon (4/27)
 Temple: D:4-7

Altars:

Annotations
D:3 Sigmund
D:4 Blork the orc, Prince Ribbit


Innate Abilities, Weirdness & Mutations

You have hooves in place of feet.
Armour fits poorly on your strangely shaped body.
You digest meat inefficiently.
You cover ground very quickly.
You have a fast metabolism.
You have extremely tough skin (AC +3).


Message History

The worm is heavily wounded.
Prince Ribbit blinks!
That item cannot be evoked!
Zapping:
u - a wand of cold {zapped: 1}
Press: ? - help, Shift-Dir - straight line, f - Prince Ribbit
Aim: Prince Ribbit The bolt of cold misses Prince Ribbit.
Prince Ribbit hits you! The worm bites you!
* * * LOW HITPOINT WARNING * * *
Found a scale mail.
Found a dwarven ring mail.
Found 17 bolts. 2 jackals come into view.
The jackal barks!
Prince Ribbit catches a millipede with his tongue.
Found 9 strawberries.
Read which item? (? for menu, Esc to quit)
As you read the scroll of teleportation, it crumbles to dust.
You feel strangely unstable. Prince Ribbit hits you!
You die...

#........#.#.#.#.#
#.$...............
#.......##.#.#.#.#
#....w.z#..........
###......z.#[#h#.#.
#....###.........
#....# #.#.#[#.#.
####.###.F.h.....#
#.# #..%..@(....##
#.##################
#.##...# #.##...#
####.##...#
#....##...# #...
#....##...# #.###.#
#....##...# #.#[#.#
#.........#
####.###.#


You could see Prince Ribbit, 2 jackals and a rat skeleton.

Vanquished Creatures
  2 gnolls (D:2)
  3 adders (D:2)
  A giant mite (D:2)
  A worm (D:3)
  A giant gecko (D:4)
  An orc (D:3)
  A ball python (D:2)
  8 bats
  2 giant cockroaches
  10 goblins
  7 hobgoblins
  7 jackals
  2 quokkas
  3 giant newts
  8 kobolds
  8 rats
65 creatures vanquished.

Vanquished Creatures (others)
  A rat (D:1)
1 creature vanquished.

Grand Total: 66 creatures vanquished

Notes
Turn   | Place    | Note
--------------------------------------------------------------
     0 | D:1      | RunicPegasusPony, the Centaur Hunter, began the quest for the Orb.
     0 | D:1      | Reached XP level 1. HP: 17/17 MP: 0/0
     0 | D:1      | RunicPegasusPony: xD
   172 | D:1      | Reached XP level 2. HP: 24/24 MP: 1/1
   358 | D:1      | Dalarin: nie zrobi ci nic trap dopoki nie wejdziesz na niego
   370 | D:1      | Dalarin: uzywaj trapow dla potworow ktore sa mindless
   401 | D:1      | Dalarin: idz tak, aby on goniac cie sam w niego wszedl
   401 | D:1      | RunicPegasusPony: mhm
   431 | D:1      | Dalarin: Twoj krok zajmuje 0,7 czasu
   439 | D:1      | Dalarin: szyci szybko biegasz
   445 | D:1      | Dalarin: to znaczy ze mozesz uciec od wiekszosci potworow, ktore chodza na 1
   445 | D:1      | RunicPegasusPony: w koncu kun
   445 | D:1      | Dalarin: odsunac sie walic z daleka
   445 | D:1      | RunicPegasusPony: nom
   622 | D:1      | RunicPegasusPony: gdzie tu bylo o glodzie?
   622 | D:1      | RunicPegasusPony: chyba ze sie hungry pojawialo
   803 | D:2      | Dalarin: tylko hungry
   807 | D:2      | Dalarin: pod statami
   807 | D:2      | Dalarin: nie msz hungry to nie jedz
   827 | D:2      | Reached XP level 3. HP: 29/29 MP: 2/2
   861 | D:2      | Dalarin: shift_kursor idzie do napotkania czegokolwiek
   942 | D:2      | RunicPegasusPony: kielbasa xD
  1131 | D:2      | Dalarin: wywal to
  1131 | D:2      | Dalarin: shield
  1131 | D:2      | Dalarin: ciezkie, spowalnia cie
  1140 | D:2      | Dalarin: zle sie celuje
  1141 | D:2      | Dalarin: trzymaj kusze dwoma lapami
  1143 | D:2      | Dalarin: jak teraz
  1226 | D:2      | Reached skill level 5 in Crossbows
  1226 | D:2      | Reached skill level 1 in Armour
  1234 | D:2      | Reached skill level 1 in Traps
  1234 | D:2      | Reached XP level 4. HP: 32/36 MP: 2/2
  1631 | D:1      | RunicPegasusPony: uuuuuuffffffff
  1631 | D:1      | RunicPegasusPony: ale benny hill
  2092 | D:2      | Dalarin: wiecej beltow by ci sie przydalo
  2211 | D:2      | Dalarin: nie masz przypadkiem jakiegos scrolla czy ability robienia beltow?
  2211 | D:2      | Dalarin: wcisnij a
  2211 | D:2      | RunicPegasusPony: xd
  2211 | D:2      | Dalarin: uhum
  2211 | D:2      | Dalarin: to tyle :D
  2211 | D:2      | RunicPegasusPony: :D
  2211 | D:2      | RunicPegasusPony: hahah
  2211 | D:2      | Dalarin: jakis bog tez to chyba daje
  2211 | D:2      | RunicPegasusPony: okawaru
  2672 | D:3      | Dalarin: to byl zdjecia klatwy pewnie
  2766 | D:3      | Dalarin: nie zakladaj
  2766 | D:3      | Dalarin: bez identyfikacji
  3124 | D:3      | Noticed Sigmund
  3547 | D:4      | Dalarin: odloz kusze
  3548 | D:4      | Dalarin: jebnij mu z kopyta
  3598 | D:4      | Dalarin: scroll of blink musisz miec 2 sztuki aby tam wejsc i wyjsc
  3611 | D:4      | Noticed Blork the orc
  3615 | D:4      | Dalarin: nie
  3615 | D:4      | Dalarin: rzucasz strzalami :D
  3615 | D:4      | Dalarin: on cie zabije
  3617 | D:4      | Dalarin: spierdalaj
  3628 | D:4      | Dalarin: nie na wprost :D
  3644 | D:4      | Dalarin: do gory, odpocznij
  3644 | D:4      | Dalarin: i zejdz innym zejsciem
  3652 | D:3      | Dalarin: o kurwa :D
  3738 | D:4      | RunicPegasusPony: kurew
  3738 | D:4      | RunicPegasusPony: cczego on rzuca anie strzela
  3738 | D:4      | Dalarin: bo kusza strzela beltami
  3739 | D:4      | RunicPegasusPony: ah racja...
  3739 | D:4      | Dalarin: zabij go recznie
  3744 | D:4      | Dalarin: odpocznij, szukaj beltow za wszelka cene lub luku
  3745 | D:4      | Noticed Prince Ribbit
  3747 | D:4      | Dalarin: z tyloma hp nie podchodz do niego
  3747 | D:4      | Dalarin: bedziesz mogl strzelac zabijesz go latwo
  3747 | D:4      | RunicPegasusPony: kurwa teraz ani tu ani tu xD
  3747 | D:4      | RunicPegasusPony: wszedzie jakies pojeby biegaja xd
  3783 | D:4      | Dalarin: nie ma latwo :)
  3800 | D:4      | Dalarin: wand !
  3805 | D:4      | Dalarin: odpocznij
  3952 | D:4      | Dalarin: zevokuj w sciane i zobacz co robi
  3953 | D:4      | Dalarin: nie tak blisko
  3953 | D:4      | Dalarin: o, mrozi
  3953 | D:4      | Dalarin: masz szanse zabic tym ta zabe :D
  3953 | D:4      | Dalarin: chyba ze w opisie ma odpornosc na zimno
  3953 | D:4      | RunicPegasusPony: xd ok sprawdzimy
  3971 | D:4      | Dalarin: ale z daleka
  3987 | D:4      | RunicPegasusPony: lol...
  3987 | D:4      | Dalarin: ona chyba nie ma rak, wiec jakby co speirdalaj i zamykaj za soba drzwi
  3987 | D:4      | Dalarin: latwe
  3993 | D:4      | Dalarin: fuck
  3993 | D:4      | RunicPegasusPony: kyrwa
  3994 | D:4      | RunicPegasusPony: XDDDDDDDDDDDDDD
  3994 | D:4      | Dalarin: RUN
  3994 | D:4      | RunicPegasusPony: dobra ded xd
  3994 | D:4      | Dalarin: na skos
  3994 | D:4      | Dalarin: w dol
  3995 | D:4      | Dalarin: uciekaj
  3999 | D:4      | Dalarin: jestes szybki, pamietaj
  4003 | D:4      | Dalarin: bolty!
  4006 | D:4      | Dalarin: na skosy chodz
  4007 | D:4      | Slain by Prince Ribbit

Action                   |  1- 3 |  4- 6 || total
-------------------------+-------+-------++-------
Melee: Short sword       |       |    23 ||    23
       Crossbow          |       |    15 ||    15
       Unarmed           |       |     1 ||     1
 Fire: Crossbow          |    70 |    31 ||   101
Throw: Dart              |       |    23 ||    23
Evoke: Wand              |       |     2 ||     2
  Use: Scroll            |     5 |     5 ||    10
       Potion            |       |     2 ||     2
